 Dungeon Crawl Stone Soup version 0.25.0-9-g26727b657a (webtiles) character file.

Game seed: 18127116090870579558

9432 gruber the Frost Mage (level 11, -5/54 HPs)
             Began as a Gargoyle Ice Elementalist on June 17, 2020.
             Was a Priest of Vehumet.
             Slain by Fannar
             ... wielding an uncursed staff of cold
              (15 damage)
             ... on level 10 of the Dungeon.
             The game lasted 00:18:42 (12734 turns).

gruber the Frost Mage (Gargoyle Ice Elementalist)  Turns: 12734, Time: 00:18:42

Health: -5/54      AC: 18    Str: 15    XL:     11   Next: 46%
Magic:  8/24       EV: 12    Int: 25    God:    Vehumet [***...]
Gold:   439        SH:  5    Dex: 10    Spells: 7/28 levels left

rFire    + . .     SeeInvis .   J - staff of wizardry
rCold    . . .     Gourm    .   n - +0 buckler
rNeg     + . .     Faith    .   E - +2 robe {MR+}
rPois    ∞         Spirit   .   p - +0 helmet
rElec    +         Reflect  .   u - +2 cloak
rCorr    .         Harm     .   H - +1 pair of gloves {Str+3}
MR       +....                  (no boots)
Stlth    ++........             D - amulet of regeneration
HPRegen  0.58/turn              h - ring of protection from fire
MPRegen  0.19/turn              v - +6 ring of intelligence

@: frozen ramparts
A: negative energy resistance 1, electricity resistance, unbreathing,
petrification resistance, rot immunity, AC +8
a: Renounce Religion


You were on level 10 of the Dungeon.
You worshipped Vehumet.
Vehumet was most pleased with you.
You were not hungry.

You visited 2 branches of the dungeon, and saw 11 of its levels.

You collected 439 gold pieces.

Inventory:

Hand Weapons
 t - a +2 short sword of venom
Armour
 n - a +0 buckler (worn)
 p - a +0 helmet (worn)
 u - a +2 cloak (worn)
 A - a +2 leather armour of cold resistance
 E - a +2 robe of magic resistance (worn)
 H - a +1 pair of gloves of strength (worn)
Magical Staves
 J - an uncursed staff of wizardry (weapon)
Jewellery
 h - a ring of protection from fire (left hand)
 m - an uncursed ring of ice
 v - a +6 ring of intelligence (right hand)
 D - an amulet of regeneration (around neck)
Wands
 s - a wand of enslavement (8)
Scrolls
 a - a scroll of blinking {unknown}
 b - 5 scrolls of teleportation {unknown}
 d - 5 scrolls of immolation {unknown}
 g - 9 scrolls of identify
 i - 3 scrolls of magic mapping
 j - a scroll of remove curse
 k - 5 scrolls of enchant weapon {unknown}
 o - a scroll of enchant armour {unknown}
 q - 2 scrolls of amnesia {unknown}
 w - 2 scrolls of fear {unknown}
 y - 3 scrolls of fog {unknown}
 B - 2 scrolls of torment {unknown}
 F - a scroll of brand weapon {unknown}
Potions
 e - 3 potions of curing
 f - a potion of haste {unknown}
 r - a potion of heal wounds {unknown}
 x - a potion of berserk rage {unknown}
 z - 2 potions of degeneration {unknown}
 C - a potion of mutation {unknown}
Comestibles
 c - 19 rations
 I - 5 chunks of flesh


   Skills:
 - Level 1.5 Dodging
 - Level 2.1 Stealth
 - Level 6.0 Shields
 - Level 9.0 Spellcasting
 - Level 7.1 Conjurations
 - Level 4.3 Charms
 - Level 2.0 Summonings
 * Level 11.3 Ice Magic


You had 7 spell levels left.
You knew the following spells:

 Your Spells              Type           Power        Failure   Level  Hunger
a - Freeze                Ice            ####         1%          1    None
b - Frozen Ramparts       Ice            ######       1%          3    None
c - Summon Ice Beast      Ice/Summ       #####...     1%          4    ##.....
d - Ozocubu's Armour      Chrm/Ice       ######..     1%          3    None
e - Hailstorm             Conj/Ice       ######..     1%          4    ##.....
f - Ozocubu's Refrigerat  Ice            ######....   1%          6    ######.

Your spell library contained the following spells:

 Spells                   Type           Power        Failure   Level  Hunger
 Dazzling Flash           Conj/Hex       ####..       1%          3    None
 Foxfire                  Conj/Fire      ####         1%          1    None
 Conjure Flame            Conj/Fire      ####....     1%          3    None
 Ignite Poison            Fire/Tmut/Pois ##......     1%          3    None
 Sticky Flame             Conj/Fire      ####....     1%          4    ##.....
 Fireball                 Conj/Fire      ####......   4%          5    ####...
 Irradiate                Conj/Tmut      ####......   4%          5    ####...
 Simulacrum               Ice/Necr       #####.....   32%         6    ######.
 Hydra Form               Tmut           ##........   96%         6    ######.
 Dragon Form              Tmut           ##........   100%        7    #######
 Statue Form              Tmut/Erth      Unusable     N/A         6    N/A

Dungeon Overview and Level Annotations

Branches:
Dungeon (10/15)            Temple (1/1) D:5            Lair (0/6) D:9
    Orc: D:9-12

Altars:
Ashenzari
Cheibriados
Dithmenos
Gozag
Hepliaklqana
Kikubaaqudgha
Nemelex Xobeh
Okawaru
Ru
Trog
Vehumet
Wu Jian
Yredelemnul
Zin

Shops:
D:7 :

Annotations:
D:10 Fannar


Innate Abilities, Weirdness & Mutations

You are resistant to torment.
Your stone body is resilient. (AC +8)
You are immune to poison.
You resist negative energy. (rN+)
You are resistant to electric shocks. (rElec)
You can survive without breathing.
You are immune to petrification.
You are immune to rotting.


Message History

The wall freezes the ice beast but do no damage.
The ice beast hits your ice beast. The ice beast freezes your ice beast.
Your ice beast completely resists.
Unknown command.
As you read the scroll labeled YTUYKI SYIFOPP, it crumbles to dust.
You feel aware of your surroundings.
It was a scroll of magic mapping.
Your ice beast hits Fannar but does no damage. x2
Fannar completely resists.
The wall freezes Fannar but do no damage.
Fannar casts a spell.
Your ice beast hits Fannar but does no damage.
The ice beast completely resists.
The wall freezes the ice beast but do no damage.
The ice beast completely misses your ice beast.
As you read the scroll labeled RECREWI TAOMN, it crumbles to dust.
You feel blessed for a moment.
It was a scroll of remove curse.
Your ice beast misses Fannar.
Your ice beast closely misses Fannar.
Fannar resists.
The wall freezes Fannar.
Fannar hits you but does no damage. Fannar freezes you!
You die...

####+#### ##.### #.# ........#
#..# #.# .....[..# ###'###
##'####### ........# #.....###
#.........
........#***#....>'.####.........
........+,,,#.....#...##.........
........#*#.#.....###..#.........
........# #.'.YY..# ##.'[........
####'#### ###YYe@Y# ###.........
#....# ###+### #####'#### #.####
#.##### #..## #'#### #.....#
##..## .(...# ######'## ##..#
.....# #.....[.### #####'# .....#
#.......'.####...).. ...|.####
#.......#..>.'......
.....'..######.......######....(.


You could see Fannar (icy armour), 2 ice beasts and 3 friendly ice beasts.

Vanquished Creatures
  A two-headed ogre (D:8)
  Joseph (D:8)
  A komodo dragon (D:9)
  A tengu conjurer (D:10)
  A troll (D:9)
  A hippogriff (D:10)
  A vampire (D:9)
  8 yaks
  A water moccasin (D:9)
  An orc warrior (D:9)
  An ice beast (D:8)
  A black bear (D:10)
  A phantom (D:9)
  4 centaurs
  4 ogres
  3 big kobolds
  4 bullfrogs
  3 scorpions
  14 killer bees
  4 wights
  3 nameless horrors
  2 howler monkeys
  4 crimson imps
  3 hounds
  7 orc priests
  A bullfrog skeleton (D:8)
  A centaur skeleton (D:10)
  An iguana (D:10)
  9 orc wizards
  Natasha (thrice) (D:2)
  6 worker ants
  A hound zombie (D:5)
  3 hound skeletons
  7 adders
  5 gnolls
  3 shadow imps
  An adder skeleton (D:7)
  3 worms
  4 dart slugs
  7 leopard geckos
  24 orcs
  2 giant cockroaches
  5 goblins
  9 hobgoblins
  12 jackals
  3 quokkas
  A ball python (D:1)
  9 bats
  3 frilled lizards
  A jackal skeleton (D:5)
  28 kobolds
  A leopard gecko skeleton (D:4)
  2 quokka zombies
  6 rats
236 creatures vanquished.

Vanquished Creatures (collateral kills)
  A two-headed ogre (D:9)
  2 ugly things (D:9)
  A troll (D:10)
  A hornet (D:9)
  A hippogriff (D:7)
  2 yaks (D:9)
  A wyvern (D:8)
  2 hungry ghosts (D:9)
  Edmund (D:6)
  An eye of draining (D:10)
  A necrophage (D:10)
  A phantom (D:8)
  A centaur (D:10)
  3 ogres
  3 wights
  An electric eel (D:8)
  A bullfrog skeleton (D:9)
  A worker ant (D:8)
  A killer bee zombie (D:8)
  A hound skeleton (D:8)
  An adder (D:9)
  A shadow imp (D:8)
  An orc (D:8)
30 creatures vanquished.

Vanquished Creatures (others)
  7 plants (D:9)
7 creatures vanquished.

Grand Total: 273 creatures vanquished

Notes
Turn   | Place    | Note
-------+----------+-------------------------------------------
     0 | D:1      | gruber the Gargoyle Ice Elementalist began the quest for
                  | the Orb.
     0 | D:1      | Reached XP level 1. HP: 10/10 MP: 3/3
   309 | D:1      | Reached XP level 2. HP: 15/15 MP: 1/5
   685 | D:1      | Reached XP level 3. HP: 19/19 MP: 4/6
   773 | D:1      | Reached skill level 5 in Ice Magic
  1440 | D:2      | Learned a level 3 spell: Frozen Ramparts
  1517 | D:2      | Reached XP level 4. HP: 24/24 MP: 3/7
  1982 | D:2      | Noticed Natasha
  1987 | D:2      | Killed Natasha
  1987 | D:2      | Reached skill level 6 in Ice Magic
  2100 | D:2      | Noticed Natasha
  2107 | D:2      | Killed Natasha
  2107 | D:2      | Reached XP level 5. HP: 20/28 MP: 4/8
  2454 | D:2      | Noticed Natasha
  2464 | D:2      | Killed Natasha
  2625 | D:3      | Reached skill level 7 in Ice Magic
  2627 | D:3      | Reached XP level 6. HP: 19/32 MP: 4/9
  2777 | D:3      | Reached skill level 1 in Shields
  3782 | D:4      | Reached XP level 7. HP: 36/36 MP: 6/10
  3909 | D:4      | Reached skill level 5 in Shields
  4112 | D:4      | Learned a level 4 spell: Summon Ice Beast
  4156 | D:4      | Reached XP level 8. HP: 29/41 MP: 8/13
  4836 | D:5      | Entered Level 5 of the Dungeon
  5316 | D:5      | Reached skill level 5 in Spellcasting
  5496 | D:5      | Found a staircase to the Ecumenical Temple.
  5503 | Temple   | Entered the Ecumenical Temple
  5569 | Temple   | Became a worshipper of Vehumet
  6426 | D:6      | Noticed Edmund
  6435 | D:6      | Killed Edmund
  6921 | D:7      | Reached XP level 9. HP: 44/45 MP: 14/19
  7233 | D:7      | Reached * piety under Vehumet
  7233 | D:7      | Offered knowledge of Foxfire by Vehumet.
  7407 | D:7      | Reached skill level 1 in Summonings
  7625 | D:7      | Found Dumoen Zaro's Book Boutique.
  7819 | D:7      | Found a snail-covered altar of Cheibriados.
  7873 | D:7      | Got a tattered robe
  7874 | D:7      | Identified the cursed +0 robe "Ussoatar" {+Inv rF- rN++
                  | Regen+} (You found it on level 7 of the Dungeon)
  8100 | D:7      | Reached skill level 8 in Ice Magic
  8570 | D:8      | Noticed Joseph
  8587 | D:8      | Killed Joseph
  8609 | D:8      | Found a glowing silver altar of Zin.
  8609 | D:8      | Found a shattered altar of Ashenzari.
  8619 | D:8      | Reached skill level 9 in Ice Magic
  9545 | D:8      | Reached skill level 10 in Ice Magic
  9545 | D:8      | Reached XP level 10. HP: 50/50 MP: 10/21
  9613 | D:8      | Noticed a two-headed ogre
  9623 | D:8      | Killed a two-headed ogre
 10074 | D:8      | Reached ** piety under Vehumet
 10202 | D:8      | Offered knowledge of Magic Dart by Vehumet.
 10434 | D:8      | Learned a level 3 spell: Ozocubu's Armour
 10439 | D:8      | Learned a level 4 spell: Hailstorm
 10499 | D:9      | Reached skill level 1 in Conjurations
 10551 | D:9      | Reached skill level 1 in Charms
 10730 | D:9      | Identified Xobrucil's Reference Book on Heat
 10733 | D:9      | Noticed a two-headed ogre
 10742 | D:9      | Killed a two-headed ogre
 10996 | D:9      | Noticed a brown ugly thing
 11002 | D:9      | Noticed a white ugly thing
 11007 | D:9      | Killed a brown ugly thing
 11019 | D:9      | Killed a white ugly thing
 11077 | D:9      | Reached skill level 5 in Conjurations
 11226 | D:9      | Identified the Almanac of Confrontation and the Glacier
 11235 | D:9      | Learned a level 6 spell: Ozocubu's Refrigeration
 11267 | D:9      | Reached XP level 11. HP: 54/54 MP: 3/24
 11402 | D:9      | Offered knowledge of Dazzling Flash by Vehumet.
 11594 | D:9      | Found a staircase to the Lair.
 11854 | D:10     | Entered Level 10 of the Dungeon
 11886 | D:10     | Got a scorched lajatang
 11887 | D:10     | Identified the +1 lajatang "Riytuit" {vorpal, *Corrode +Inv
                  | Dex+3 Stlth+} (You found it on level 10 of the Dungeon)
 12061 | D:10     | Reached *** piety under Vehumet
 12152 | D:10     | Reached skill level 11 in Ice Magic
 12719 | D:10     | Noticed Fannar
 12734 | D:10     | Slain by Fannar

Illustrated notes

Levels and vault maps discovered:
D:1:      lightli_arrival_chessboard, layout_loops_ring
D:2:      layout_loops_ring, uniq_natasha
D:3:      layout_rooms
D:4:      layout_basic
D:5:      layout_loops_corners, minmay_temple_entry_proselytizer, first_ration
D:6:      layout_rooms, minmay_liquid_box, uniq_edmund
D:7:      layout_basic, serial_shops, nicolae_shop_statue_plus, basic_altar
D:8:      cheibrodos_helix_gallery, layout_basic,
          gammafunk_temple_overflow_pools, uniq_joseph
D:9:      minmay_the_grid_square_5x5_3x3 [minmay_the_grid_square_5x5_spiral,
          minmay_the_grid_square_5x5_three_small,
          minmay_the_grid_square_5x5_spiral_small,
          minmay_the_grid_square_5x5_fancy_junction,
          minmay_the_grid_square_5x5_megaprize_crossed,
          minmay_the_grid_square_5x5_intrusive_squares,
          minmay_the_grid_square_5x5_lines, minmay_the_grid_square_5x5_three,
          minmay_the_grid_square_5x5_shrine2], layout_loops_ring,
          david_lair_shrubbed
D:10:     layout_roguey, grunt_tengu_nest, uniq_fannar, uniq_maggie
Temple:   regret_index_temple_chain_breaker

Skill      XL: |  1  2  3  4  5  6  7  8  9 10 11 |
---------------+----------------------------------+-----
Ice Magic      | 5 6 7 10 11 | 11.3
Shields        | 4 6 |  6.0
Spellcasting   | 3 7 9 |  9.0
Summonings     | 2 |  2.0
Conjurations   | 5 7 |  7.1
Charms         | 4 |  4.3
Dodging        | |  1.5
Stealth        | |  2.1

Action                   |  1- 3 |  4- 6 |  7- 9 | 10-12 || total
-------------------------+-------+-------+-------+-------++-------
Melee: Unarmed           |    42 |    48 |    70 |       ||   160
       Short sword       |       |       |   181 |    77 ||   258
       Staff             |       |       |       |    50 ||    50
 Cast: Freeze            |    40 |    44 |    14 |    17 ||   115
       Frozen Ramparts   |     1 |    13 |    43 |    27 ||    84
       Summon Ice Beast  |       |       |    26 |    35 ||    61
       Hailstorm         |       |       |       |     8 ||     8
       Ozocubu's Armour  |       |       |       |     2 ||     2
       Ozocubu's Refrige |       |       |       |     2 ||     2
Evoke: Wand              |       |       |       |     3 ||     3
  Use: Scroll            |       |       |     1 |     3 ||     4
       Potion            |       |       |       |     1 ||     1
 Stab: Sleeping          |       |     1 |     2 |     1 ||     4
       Distracted        |       |       |     1 |     2 ||     3
  Eat: Chunk             |     3 |     9 |    18 |    13 ||    43
       Ration            |       |       |     1 |       ||     1
Armor: Robe              |    23 |    26 |    99 |    87 ||   235
Dodge: Dodged            |    51 |    49 |   149 |    83 ||   332
Block: Buckler           |       |    11 |    61 |    41 ||   113
